 Dungeon Crawl Stone Soup version 0.30-a0-782-ge64f9170bb (webtiles) character file.

Game seed: 9285539790064260759

7456 bosbovis the Spear-Bearer (level 10, -3/91 HPs)
             Began as a Minotaur Fighter on Mar 1, 2023.
             Was a High Priest of Zin.
             Killed by divine providence
             ... invoked by an orc priest
              (14 damage)
             ... on level 9 of the Dungeon.
             The game lasted 00:38:01 (8368 turns).

bosbovis the Spear-Bearer (Minotaur Fighter)        Turns: 8368, Time: 00:38:02

Health: -3/91      AC: 20    Str: 22    XL:     10   Next: 94%
Magic:  9/9        EV: 10    Int:  5    God:    Zin [*****.]
Gold:   193        SH: 10    Dex: 13    Spells: 9/9 levels left

rFire   . . .      SeeInvis .    p - +2 trident (venom)
rCold   . . .      Faith    .    c - +0 buckler
rNeg    . . .      Spirit   .    E - +0 chain mail
rPois   .          Reflect  +    (helmet restricted)
rElec   .          Harm     .    G - +2 cloak
rCorr   .          Rampage  .    (no gloves)
Will    .....                    F - +0 pair of boots Stlth
                                 v - amulet of reflection
HPRegen 0.35/turn                r - +4 ring of protection
MPRegen 0.11/turn                (no ring)

@: no status effects
A: horns 2, retaliatory headbutt
a: Renounce Religion, Recite, Vitalisation, Imprison, Sanctuary, Donate Gold


You were on level 9 of the Dungeon.
You worshipped Zin.
Zin was extremely pleased with you.
You visited 1 branch of the dungeon, and saw 9 of its levels.

You collected 545 gold pieces.
You donated 352 gold pieces to Zin.

Inventory:

Hand Weapons
 a - a +1 trident
 p - a +2 trident of venom (weapon)
 z - a +2 heavy spear
 D - a +2 halberd
Armour
 b - a +0 scale mail
 c - a +0 buckler (worn)
 E - a +0 chain mail (worn)
 F - a +0 pair of boots (worn)
 G - a +2 cloak (worn)
Jewellery
 h - a ring of ice
 r - a +4 ring of protection (left hand)
 v - an amulet of reflection (around neck)
 A - an amulet of regeneration
 C - an amulet of reflection
 H - a +4 ring of slaying
Wands
 n - a wand of iceblast (6)
 w - a wand of flame (12)
Scrolls
 g - 2 scrolls of noise
 j - 4 scrolls of teleportation {unknown}
 k - a scroll of fear
 l - a scroll of enchant armour {unknown}
 m - a scroll of enchant weapon
 o - 2 scrolls of magic mapping
 s - 2 scrolls of fog {unknown}
 u - a scroll of acquirement {unknown}
 y - a scroll of amnesia {unknown}
Potions
 d - a potion of might
 e - 2 potions of brilliance
 q - 3 potions of haste
 t - 2 potions of heal wounds {unknown}
 x - a potion of resistance
 B - 2 potions of ambrosia {unknown}
 J - a potion of flight {unknown}


   Skills:
 * Level 9.5 Fighting
 * Level 12.9 Polearms
 * Level 10.2 Armour
 * Level 6.4 Dodging
 + Level 0.2 Stealth
 + Level 6.2 Shields


You had 9 spell levels left.
You didn't know any spells.
Your spell library contained the following spells:

 Spells                   Type           Power      Damage    Failure   Level
 Static Discharge         Conj/Air       0%         2-2/arc   99%         2
 Vhi's Electric Charge    Tloc/Air       0%         N/A       100%        3
 Arcjolt                  Conj/Air       0%         1d10      100%        5
 Lightning Bolt           Conj/Air       0%         1d11      100%        5


Dungeon Overview and Level Annotations

Branches:
Dungeon (9/15)             Temple (0/1) D:7            Lair (0/5) D:8
    Orc: D:9-12

Altars:
Ashenzari
Elyvilon
Makhleb
Zin

Shops:
D:1 =*


Innate Abilities, Weirdness & Mutations

You have a pair of horns on your head.
You reflexively headbutt those who attack you in melee.


Message History

You hit the killer bee.
The killer bee looks as sick as possible!
Your headbutt misses the killer bee.
The killer bee is severely wounded.
You hear a shout!
You block the killer bee's attack. x2; The killer bee barely misses you. x2
An orc comes into view. It is wielding a +0 club.
You hear a shout!
You hit the killer bee.
The killer bee is moderately wounded.
The killer bee stings you.
* * * LOW HITPOINT WARNING * * *
You block the killer bee's attack.
You miss the killer bee.
The killer bee is moderately wounded.
You kill the killer bee!
The killer bee stings you.
* * * LOW HITPOINT WARNING * * *
You are poisoned.
The killer bee poisons you!
You feel better. The killer bee barely misses you.
You block the killer bee's attack.
The orc priest looks braver for a moment.
You miss the killer bee.
The killer bee is moderately wounded.
The killer bee stings you but does no damage.
The killer bee closely misses you.
The orc priest calls down the wrath of Beogh upon you.
Beogh smites you!
* * * LOW HITPOINT WARNING * * *
You hit the killer bee.
The killer bee is poisoned.
The killer bee is heavily wounded.
The killer bee stings you but does no damage.
You hit the killer bee.
The killer bee looks as sick as possible!
The killer bee is severely wounded.
You kill the killer bee!
The orc priest mumbles some strange prayers to Beogh against you.
Beogh smites you!
You die...

#......# #####.###
#......# #........
#......# #........
.#....).######........
.....o.))##yy.o........
.#######oy)o###........
# .....#.#### #...>....
#.#.#.#o# #........
+.._.@)o# #........
#.#.#)### #........
.....# ##.######
####### ###..####
#.......# #.......#
#.......# #....(..#
+....)..#


You could see an orc priest and an orc.

Vanquished Creatures
  Pikel (D:5)
  An ugly thing (D:7)
  A troll (D:8)
  Grinder (D:3)
  Prince Ribbit (D:7)
  A yak (D:7)
  A shadow (D:8)
  Eustachio (D:6)
  2 steam dragons
  Edmund (D:5)
  Duvessa (D:7)
  A water moccasin (D:7)
  5 orc warriors
  A sky beast (D:7)
  An ice beast (D:7)
  A black bear (D:6)
  An ogre (D:5)
  7 centaurs
  3 phantoms (D:5)
  2 kobold brigands (D:8)
  6 bullfrogs
  2 scorpions
  A gnoll sergeant (D:9)
  2 necrophages (D:7)
  11 wights
  Dowan (D:7)
  9 killer bees
  A howler monkey (D:7)
  4 jellies
  Crazy Yiuf (D:7)
  7 hounds
  4 gnoll boudas
  3 orc priests
  3 iron imps (D:4)
  6 iguanas
  8 orc wizards
  12 adders
  21 gnolls
  8 river rats (D:5)
  A shadow imp (D:7)
  A white imp (D:5)
  2 ufetubi
  2 worms
  3 dart slugs
  23 orcs
  11 ball pythons
  9 endoplasms
  2 giant cockroaches
  13 goblins
  7 hobgoblins
  4 jackals (D:1)
  13 kobolds
  12 quokkas
  9 bats
  2 frilled lizards (D:1)
  26 rats
284 creatures vanquished.

Vanquished Creatures (others)
  An orc (D:6)
1 creature vanquished.

Grand Total: 285 creatures vanquished

Notes
Turn   | Place    | Note
-------+----------+-------------------------------------------
     0 | D:1      | bosbovis the Minotaur Fighter began the quest for the Orb.
     0 | D:1      | Reached XP level 1. HP: 19/19 MP: 0/0
    97 | D:1      | Found Intacawk's Jewellery Shoppe.
   177 | D:1      | Reached XP level 2. HP: 27/27 MP: 1/1
   358 | D:1      | Found Teroaska's Assorted Antiques.
   486 | D:1      | Reached XP level 3. HP: 33/33 MP: 2/2
   814 | D:2      | Reached skill level 3 in Polearms
   985 | D:2      | Found a faded altar of an unknown god.
   996 | D:2      | Prayed at the altar of an unknown god.
   996 | D:2      | Became a worshipper of Zin the Law-Giver
   996 | D:2      | Reached * piety under Zin
  1048 | D:2      | Donated 35 gold pieces to Zin
  1149 | D:2      | Reached ** piety under Zin
  1276 | D:2      | Reached skill level 1 in Dodging
  1276 | D:2      | Reached XP level 4. HP: 36/40 MP: 3/3
  1622 | D:3      | Found a broken altar of Ashenzari.
  1902 | D:3      | Reached skill level 5 in Armour
  1999 | D:3      | Reached XP level 5. HP: 46/46 MP: 4/4
  2031 | D:3      | Reached *** piety under Zin
  2214 | D:3      | Noticed Grinder
  2232 | D:3      | Paralysed by Grinder for 3 turns
  2242 | D:3      | Killed Grinder
  2243 | D:3      | Reached skill level 4 in Polearms
  2243 | D:3      | Reached XP level 6. HP: 18/53 MP: 5/5
  2733 | D:4      | Found a burning altar of Makhleb.
  2756 | D:4      | Reached skill level 5 in Polearms
  2924 | D:4      | Donated 60 gold pieces to Zin
  2960 | D:4      | Reached skill level 5 in Fighting
  2960 | D:4      | Reached XP level 7. HP: 42/61 MP: 6/6
  3719 | D:5      | Entered Level 5 of the Dungeon
  3884 | D:5      | Reached skill level 6 in Polearms
  4080 | D:5      | Reached XP level 8. HP: 70/70 MP: 7/7
  4097 | D:5      | Reached skill level 7 in Polearms
  4251 | D:5      | Reached **** piety under Zin
  4343 | D:5      | Noticed Pikel
  4357 | D:5      | Killed Pikel
  4358 | D:5      | Reached skill level 8 in Polearms
  4364 | D:5      | Donated 86 gold pieces to Zin
  4543 | D:5      | Noticed Edmund
  4549 | D:5      | Killed Edmund
  4550 | D:5      | Reached skill level 9 in Polearms
  4560 | D:5      | Reached XP level 9. HP: 78/78 MP: 8/8
  5381 | D:6      | Reached ***** piety under Zin
  5754 | D:6      | Reached skill level 10 in Polearms
  5954 | D:6      | Noticed Eustachio
  5964 | D:6      | Killed Eustachio
  5965 | D:6      | Reached skill level 5 in Shields
  6171 | D:7      | Noticed Prince Ribbit
  6178 | D:7      | Killed Prince Ribbit
  6244 | D:7      | Noticed Dowan
  6244 | D:7      | Noticed Duvessa
  6247 | D:7      | Reached skill level 5 in Dodging
  6253 | D:7      | Killed Dowan
  6254 | D:7      | Reached skill level 11 in Polearms
  6261 | D:7      | Killed Duvessa
  6385 | D:7      | Noticed a red ugly thing
  6400 | D:7      | Killed a red ugly thing
  6401 | D:7      | Reached XP level 10. HP: 17/88 MP: 9/9
  6722 | D:7      | Donated 117 gold pieces to Zin
  6770 | D:7      | Reached skill level 12 in Polearms
  7087 | D:7      | Found a runed translucent door.
  7088 | D:7      | Noticed Crazy Yiuf
  7145 | D:7      | Found a staircase to the Ecumenical Temple.
  7313 | D:7      | Killed Crazy Yiuf
  7353 | D:8      | Found a staircase to the Lair.
  8056 | D:8      | Reached skill level 10 in Armour
  8343 | D:9      | Found a white marble altar of Elyvilon.
  8368 | D:9      | Killed from afar by an orc priest

Illustrated notes

Levels and vault maps discovered:
D:1:      minmay_arrival_semitransparent, layout_loops_ring, serial_shops,
          nicolae_shop_waterfront, shop, minivault_26
D:2:      minmay_spotlight, layout_loops_ring,
          chequers_ecumenical_altar_simple_redux, chequers_serial_rivers_room_b,
          minmay_tromino_i4
D:3:      layout_loops_ring, lemuel_crystal_altar, minmay_snake_closets,
          uniq_grinder
D:4:      layout_basic, demons_altar
D:5:      lemuel_ratsnest, layout_basic, uniq_edmund, uniq_pikel
D:6:      layout_basic, uniq_eustachio
D:7:      minmay_recursive_quarters, layout_rooms,
          minmay_temple_entry_statues_pillars, enter_bailey_5,
          uniq_crazy_yiuf_cottage, uniq_duvessa, uniq_prince_ribbit1
D:8:      layout_loops_cross, lair_entry_dummy
D:9:      layout_roguey, kennysheep_little_box, hangedman_decor_push,
          grunt_ministairs_15

Skill      XL: |  1  2  3  4  5  6  7  8  9 10 |
---------------+-------------------------------+-----
Armour         | 4 5 6 7 8 9 10 | 10.2
Fighting       | 4 5 6 8 9 |  9.5
Polearms       | 3 4 5 6 9 11 12 | 12.9
Dodging        | 1 2 3 4 5 6 |  6.4
Shields        | 4 5 6 |  6.2
Stealth        | |  0.2

Action                     |  1- 3 |  4- 6 |  7- 9 | 10-12 || total
---------------------------+-------+-------+-------+-------++-------
  Melee: Trident           |    96 |   122 |   326 |   240 ||   784
         Headbutt          |    12 |    21 |    62 |    45 ||   140
 Invoke: Donate Gold       |     1 |     1 |     1 |     1 ||     4
    Use: Scroll            |     4 |     1 |     3 |     2 ||    10
         Potion            |       |     1 |       |     3 ||     4
 Armour: Scale mail        |    39 |    37 |   103 |    10 ||   189
         Chain mail        |       |       |       |    88 ||    88
  Dodge: Dodged            |    31 |    60 |   100 |    69 ||   260
  Block: Buckler           |    21 |    24 |    61 |   116 ||   222
         Reflection        |       |       |       |    12 ||    12

Table legend: (Time is in decaauts)
 A = Elapsed time spent in this place.
 B = Non-inter-level travel time spent in this place.
 C = Inter-level travel time spent in this place.
 D = Time resting spent in this place.
 E = Time spent auto-exploring this place.
 F = Levels seen in this place.
 G = Mean time per level.
                   A        B        C        D        E       F      G
               +--------+--------+--------+--------+--------+-----+--------+
         Total |   8314 |   7943 |    371 |    678 |   5415 |   9 |  923.8 |
       Dungeon |   8314 |   7943 |    371 |    678 |   5415 |   9 |  923.8 |
               +--------+--------+--------+--------+--------+-----+--------+

Top non-repeatable levels by time:
     D:5: 1205 daAuts
     D:6: 1200 daAuts
     D:7: 1176 daAuts
     D:4: 1150 daAuts
     D:3: 1038 daAuts
     D:8: 851 daAuts
     D:1: 798 daAuts
     D:2: 769 daAuts
     D:9: 123 daAuts
